 Dungeon Crawl Stone Soup version 0.25-a0-166-g16436c4 (webtiles) character file.

Game seed: 13304064545003873130, levelgen mode: deterministic

3445 TheGoonsmith the Cleaver (level 10, -3/91 HPs)
             Began as a Hill Orc Gladiator on Nov 23, 2019.
             Was a Follower of Uskayaw.
             Slain by a two-headed ogre
             ... wielding a +0 giant club
              (22 damage)
             ... on level 8 of the Dungeon.
             The game lasted 00:17:27 (8197 turns).

TheGoonsmith the Cleaver (Hill Orc Gladiator)       Turns: 8197, Time: 00:17:27

Health: -3/91      AC: 17    Str: 21    XL:     10   Next: 5%
Magic:  6/14       EV: 11    Int:  8    God:    Uskayaw [*.....]
Gold:   41         SH:  0    Dex: 12    Spells: 9/9 levels left

rFire    + . .     SeeInvis .   a - +1 war axe
rCold    + . .     Gourm    .   (no shield)
rNeg     . . .     Faith    .   M - +2 scale mail {rF+}
rPois    +         Spirit   .   c - +1 helmet
rElec    .         Reflect  .   G - +2 cloak
rCorr    .         Harm     .   t - +1 pair of gloves
MR       +....                  (no boots)
Stlth    ..........             (no amulet)
HPRegen  0.25/turn              m - ring of protection from magic
MPRegen  0.14/turn              D - ring "Foshreiqu" {+Blink rPois rC+}

@: no status effects
A: no striking features
a: Stomp, Renounce Religion, Evoke Blink


You were on level 8 of the Dungeon.
You worshipped Uskayaw.
Uskayaw was noncommittal.
You were very hungry.

You visited 1 branch of the dungeon, and saw 8 of its levels.

You collected 461 gold pieces.
You spent 420 gold pieces at shops.

Inventory:

Hand Weapons
 a - a +1 war axe (weapon)
 g - a +0 hand axe of chopping
Missiles
 d - 5 throwing nets (quivered)
Armour
 b - a +0 leather armour
 c - a +1 helmet (worn)
 j - a +0 pair of boots
 n - a +0 scale mail
 t - a +1 pair of gloves (worn)
 v - a +0 chain mail
 G - a +2 cloak (worn)
 L - +0 swamp dragon scales
 M - a +2 scale mail of fire resistance (worn)
Jewellery
 m - a ring of protection from magic (left hand)
 s - an uncursed amulet of the acrobat
 C - an uncursed ring of ice
 D - the ring "Foshreiqu" (right hand) {+Blink rPois rC+}
   (You found it on level 6 of the Dungeon)

   [ring of protection from cold]

   It protects you from cold.
   It protects you from poison.
   It lets you blink.
 F - an uncursed amulet of rage
Wands
 q - a wand of disintegration (13)
 E - a wand of acid (3)
 K - a wand of flame (22)
Scrolls
 e - 6 scrolls of remove curse
 k - a scroll of enchant weapon
 l - a scroll of amnesia
 y - 3 scrolls of teleportation
 A - a scroll of fog
Potions
 h - 3 potions of brilliance
 i - 4 potions of curing
 o - 2 potions of berserk rage
 p - a potion of lignification {unknown}
 r - 3 potions of ambrosia
 u - 2 potions of cancellation {unknown}
 w - a potion of mutation {unknown}
 x - 2 potions of magic {unknown}
 z - 3 potions of heal wounds
 H - a potion of flight {unknown}
 I - 3 potions of haste {unknown}
 J - a potion of might {unknown}
Miscellaneous
 B - a lamp of fire
Comestibles
 f - 11 rations


   Skills:
 + Level 9.3 Fighting
 + Level 12.4 Axes
 - Level 1.7 Throwing
 + Level 5.4 Armour
 - Level 2.4 Dodging
 + Level 6.3 Invocations


You had 9 spell levels left.
You didn't know any spells.
Your spell library contained the following spells:

 Spells                   Type           Power        Failure   Level  Hunger
 Magic Dart               Conj           #...         73%         1    ##.....
 Blink                    Tloc           N/A          86%         2    ###....
 Call Imp                 Summ           #.......     86%         2    ###....
 Slow                     Hex            #.......     86%         2    ###....
 Conjure Flame            Conj/Fire      #.......     97%         3    ####...
 Mephitic Cloud           Conj/Pois/Air  #.......     97%         3    ####...


Dungeon Overview and Level Annotations

Branches:
Dungeon (8/15)             Temple (0/1) D:6
   Lair: D:8-11

Altars:
Dithmenos
Fedhas
Hepliaklqana
Kikubaaqudgha
Makhleb
Okawaru
Sif Muna
Trog
Uskayaw
Vehumet
Xom
Yredelemnul
Zin
Beogh

Shops:
D:8 [

Annotations:
D:5 exclusion: statue
D:6 2 runed translucent doors
D:7 exclusion: door


Message History

You can no longer pass through a line of other dancers.
Your scale mail prevents you from hitting the two-headed ogre.
The two-headed ogre is heavily wounded.
The two-headed ogre barely misses you.
The two-headed ogre hits you with a +0 giant club!
* * * LOW HITPOINT WARNING * * *
You slash the two-headed ogre!
The two-headed ogre is heavily wounded.
You slash the two-headed ogre!
The two-headed ogre is severely wounded.
The two-headed ogre seems less confused.
The two-headed ogre barely misses you. x2
You can now pass through a line of other dancers.
Aiming: Line Pass
Press: ? - help, Dir - move target cursor The two-headed ogre appears confused.
You are feeling very hungry.
You can no longer pass through a line of other dancers.
The two-headed ogre hits you with a +0 giant club!!
You die...

. .. ##... ######...#
####### ...#.?.#
#.....# #.∩..# #O....#
#....# #@<...# #.##O#
####.....#
O.##.########(.......#
####.#........##.<...#
#......#########.....#
..##..## ##.#### #
##.# #.# #.. #.# ####
#.#


You could see a two-headed ogre (confused).

Vanquished Creatures
  A cyclops (D:6)
  A troll (D:6)
  A hungry ghost (D:7)
  An orc warrior (D:5)
  An ice beast (D:5)
  3 sky beasts
  3 phantoms
  A black bear (D:6)
  2 centaurs (D:6)
  Blork the orc (D:6)
  A bullfrog (D:7)
  A scorpion (D:6)
  6 crimson imps
  A quasit (D:6)
  4 hounds
  3 bullfrog skeletons
  A jelly (D:8)
  A gnoll shaman (D:6)
  8 orc priests
  10 orc wizards
  6 worker ants
  A hound skeleton (D:6)
  A howler monkey zombie (D:7)
  12 gnolls
  10 adders
  2 shadow imps
  3 oozes
  3 worms
  6 dart slugs
  8 leopard geckos
  32 orcs
  A ball python (D:4)
  5 bats
  3 giant cockroaches
  8 goblins
  3 hobgoblins
  7 jackals (D:3)
  5 quokkas
  6 frilled lizards
  A jackal zombie (D:5)
  8 kobolds
  A leopard gecko skeleton (D:2)
  2 quokka skeletons
  A quokka zombie (D:6)
  8 rats
194 creatures vanquished.

Notes
Turn   | Place    | Note
-------+----------+-------------------------------------------
     0 | D:1      | TheGoonsmith the Hill Orc Gladiator began the quest for the
                  | Orb.
     0 | D:1      | Reached XP level 1. HP: 18/18 MP: 1/1
   185 | D:1      | Reached XP level 2. HP: 19/25 MP: 2/2
   678 | D:2      | Reached skill level 5 in Axes
   839 | D:2      | Reached XP level 3. HP: 29/31 MP: 3/3
   951 | D:2      | Found a blossoming altar of Fedhas.
  1391 | D:2      | Found a burning altar of Makhleb.
  1404 | D:2      | Found a basalt altar of Yredelemnul.
  1404 | D:2      | Found a blossoming altar of Fedhas.
  1406 | D:2      | Found a shadowy altar of Dithmenos.
  1406 | D:2      | Found a shimmering altar of Xom.
  1406 | D:2      | Found a bloodstained altar of Trog.
  1507 | D:3      | Reached XP level 4. HP: 34/38 MP: 4/4
  1566 | D:3      | Reached skill level 6 in Axes
  1636 | D:3      | Noticed a +0 dagger
  1666 | D:3      | Found a hide-covered altar of Uskayaw.
  1666 | D:3      | Noticed a +0 hand axe
  1708 | D:3      | Became a worshipper of Uskayaw the Reveler
  1713 | D:3      | Found an ancient bone altar of Kikubaaqudgha.
  1743 | D:3      | Reached * piety under Uskayaw
  1893 | D:3      | Reached XP level 5. HP: 43/46 MP: 5/5
  2124 | D:3      | Found a burning altar of Makhleb.
  2124 | D:3      | Noticed a blizzard demon
  2216 | D:3      | Found a glowing silver altar of Zin.
  2271 | D:3      | Found a roughly hewn altar of Beogh.
  2280 | D:3      | Reached ** piety under Uskayaw
  2281 | D:3      | Reached skill level 1 in Invocations
  2289 | D:3      | Reached *** piety under Uskayaw
  2295 | D:3      | HP: 1/46 [orc priest/divine providence (15)]
  2806 | D:4      | Reached skill level 7 in Axes
  2814 | D:3      | Reached XP level 6. HP: 20/53 MP: 7/7
  3153 | D:4      | Found a hazy altar of Hepliaklqana.
  3449 | D:4      | Noticed a sky beast
  3470 | D:4      | Killed a sky beast
  3813 | D:4      | Found a shadowy altar of Dithmenos.
  3896 | D:4      | Reached skill level 5 in Fighting
  3896 | D:4      | Reached skill level 8 in Axes
  3896 | D:4      | Reached XP level 7. HP: 61/61 MP: 9/9
  3910 | D:4      | Reached **** piety under Uskayaw
  4034 | D:4      | Reached skill level 5 in Invocations
  4102 | D:4      | You fall into a shaft and drop 3 floors!
  4154 | D:7      | Reached skill level 1 in Armour
  4319 | D:5      | Entered Level 5 of the Dungeon
  4670 | D:6      | Reached XP level 8. HP: 68/68 MP: 11/11
  4689 | D:6      | Reached skill level 9 in Axes
  4775 | D:6      | Found a large runed translucent door.
  4775 | D:6      | Found a large runed translucent door.
  4796 | D:6      | Found a large runed translucent door.
  4796 | D:6      | Found a large runed translucent door.
  4927 | D:6      | Found a staircase to the Ecumenical Temple.
  5119 | D:5      | Reached skill level 10 in Axes
  5456 | D:4      | Found an iron altar of Okawaru.
  5802 | D:5      | Reached skill level 11 in Axes
  5810 | D:5      | Reached XP level 9. HP: 70/74 MP: 12/12
  5889 | D:5      | Found a radiant altar of Vehumet.
  6147 | D:5      | Found a bloodstained altar of Trog.
  6263 | D:5      | Reached skill level 12 in Axes
  6610 | D:6      | Noticed Blork the orc
  6616 | D:6      | Killed Blork the orc
  6759 | D:6      | Noticed a cyclops
  6769 | D:6      | Killed a cyclops
  6939 | D:6      | Noticed a troll
  6958 | D:6      | Killed a troll
  7321 | D:6      | Reached skill level 5 in Armour
  7325 | D:6      | Reached ***** piety under Uskayaw
  7352 | D:6      | Got a translucent brass ring
  7354 | D:6      | Identified the ring "Foshreiqu" {+Blink rPois rC+} (You
                  | found it on level 6 of the Dungeon)
  7848 | D:7      | Reached XP level 10. HP: 91/91 MP: 14/14
  8000 | D:7      | Found a shimmering blue altar of Sif Muna.
  8110 | D:8      | Found Waxkolo's Armour Boutique.
  8127 | D:8      | Bought a +0 pair of boots for 45 gold pieces
  8127 | D:8      | Bought a +2 cloak for 165 gold pieces
  8127 | D:8      | Bought a +2 scale mail of fire resistance for 210 gold
                  | pieces
  8146 | D:8      | Noticed a two-headed ogre
  8197 | D:8      | Slain by a two-headed ogre

Levels and vault maps discovered:
D:1:      wander_arrival_desolate, layout_basic
D:2:      layout_basic, fedhas_altar_3, doesnt_xom_only_xom
D:3:      layout_loops_ring, makhleb_altar_promises_db, kiku_gazebo_pond_becter,
          marbit_many_paths, dancing_weapons_uskayaw, kennysheep_orc_chapel
D:4:      layout_gridville, lemuel_doored_altar, lemuel_round_altar,
          overflow_temple_1_default, kennysheep_generic_room_5
D:5:      layout_basic, vehumet_statue, lightli_temple_of_fire, first_ration
D:6:      layout_basic, minmay_temple_entry_statues_pillars,
          minmay_hollow_rounded_squares, uniq_blork_the_orc
D:7:      layout_basic, led_sif_book
D:8:      layout_rooms, serial_shops, shop, uniq_harold

Skill      XL: |  1  2  3  4  5  6  7  8  9 |
---------------+----------------------------+-----
Fighting       | 3 4 5 9 |  9.3
Axes           | 5 6 7 8 11 12 | 12.4
Invocations    | 2 3 5 6 |  6.3
Armour         | 2 4 5 |  5.4
Throwing       | |  1.7
Dodging        | |  2.4

Action                   |  1- 3 |  4- 6 |  7- 9 | 10-12 || total
-------------------------+-------+-------+-------+-------++-------
Melee: War axe           |   118 |   186 |   388 |    27 ||   719
Invok: Line Pass         |       |     1 |       |     2 ||     3
Evoke: Wand              |       |       |     1 |       ||     1
  Use: Scroll            |       |     2 |    15 |     2 ||    19
       Potion            |       |     1 |       |       ||     1
 Stab: Paralysed         |       |     2 |    12 |     1 ||    15
  Eat: Chunk             |     1 |     8 |    14 |     2 ||    25
Armor: Leather armour    |    30 |       |       |       ||    30
       Scale mail        |    12 |    61 |       |     3 ||    76
       Chain mail        |       |    60 |   244 |       ||   304
       Swamp dragon scal |       |       |     3 |     2 ||     5
Dodge: Dodged            |    93 |    67 |   125 |    13 ||   298

Table legend:
 A = Non-vault XP
 B = Vault XP
 C = Vault XP percentage of total XP
 D = Non-vault monster count
 E = Vault monster count
 F = Vault count percentage of total count
                 A         B        C        D         E       F
            +---------+---------+-------+---------+---------+-------
      Total |    3680 |    1242 |  25.2 |     181 |      13 |   6.7
            +---------+---------+-------+---------+---------+-------
        D:1 |      18 |       0 |   0.0 |      10 |       0 |   0.0
        D:2 |      58 |       0 |   0.0 |      28 |       0 |   0.0
        D:3 |     192 |      91 |  32.2 |      35 |       5 |  12.5
        D:4 |     730 |       0 |   0.0 |      31 |       0 |   0.0
        D:5 |     993 |       0 |   0.0 |      35 |       0 |   0.0
        D:6 |    1098 |    1151 |  51.2 |      26 |       8 |  23.5
        D:7 |     549 |       0 |   0.0 |      15 |       0 |   0.0
        D:8 |      42 |       0 |   0.0 |       1 |       0 |   0.0
            +---------+---------+-------+---------+---------+-------
